 Dungeon Crawl Stone Soup version 0.27-a0-1188-g73eefd5def (webtiles) character file.

Game seed: 6170199530997306119

17 Glokmah the Skirmisher (level 2, 0/24 HPs)
             Began as a Demonspawn Monk on May 22, 2021.
             Was a Follower of Ru.
             Killed from afar by Terence (6 damage)
             ... with a puff of flame
             ... on level 2 of the Dungeon.
             The game lasted 00:01:27 (927 turns).

Glokmah the Skirmisher (Demonspawn Monk)             Turns: 927, Time: 00:01:28

Health: 0/24       AC:  6    Str: 11    XL:     2   Next: 44%
Magic:  2/2        EV:  8    Int: 11    God:    Ru [*.....]
Gold:   70         SH:  0    Dex: 15    Spells: 1/1 levels left

rFire    . . .     SeeInvis .   a - +0 hand axe
rCold    . . .     Faith    .   (no shield)
rNeg     . . .     Spirit   .   c - +0 scale mail
rPois    .         Reflect  .   (helmet restricted)
rElec    .         Harm     .   (no cloak)
rCorr    .         Rampage  .   (no gloves)
Will     .....                  (no boots)
Stlth    +.........             (no amulet)
HPRegen  0.08/turn              (no ring)
MPRegen  0.08/turn              (no ring)

@: no status effects
A: antennae 1, inability to train dodging
a: Renounce Religion


You were on level 2 of the Dungeon.
You worshipped Ru.
Ru was aware of your devotion.
You visited 1 branch of the dungeon, and saw 2 of its levels.

You collected 70 gold pieces.

Inventory:

Hand Weapons
 a - a +0 hand axe (weapon)
Armour
 c - a +0 scale mail (worn)
Jewellery
 f - a ring of protection from fire
Scrolls
 b - a scroll of teleportation {unknown}
 d - 2 scrolls of fear {unknown}
 e - a scroll of amnesia {unknown}


   Skills:
 + Level 3.2 Fighting
 * Level 3.2 Axes
 - Level 1.7 Stealth


You had one spell level left.
You didn't know any spells.
Your spell library contained the following spells:

 Spells                   Type           Power      Damage    Failure   Level
 Summon Small Mammal      Summ           0%         N/A       92%         1
 Call Imp                 Summ           0%         N/A       98%         2
 Call Canine Familiar     Summ           0%         N/A       100%        3
 Summon Guardian Golem    Hex/Summ       0%         N/A       100%        3
 Summon Ice Beast         Ice/Summ       0%         N/A       100%        4
 Summon Lightning Spire   Summ/Air       0%         N/A       100%        4


Dungeon Overview and Level Annotations

Branches:
Dungeon (2/15)

Altars:
Ru

Annotations:
D:2 Terence


Innate Abilities, Weirdness & Mutations

You have a pair of small antennae on your head.
You cannot train Dodging skill.


Message History

Things that are here:
a +0 club; a goblin corpse You see here a ball python skeleton.
There is a stone staircase leading down here.
You climb downwards.
Level annotation: Terence
There is a stone staircase leading up here.
HP restored.
There is a stone staircase leading up here.
Found a chain mail.
Found a scroll labelled ERYMON EMAUGI.
You now have 70 gold pieces (gained 7).
e - a scroll labelled ERYMON EMAUGI
Found a barding.
d - 2 scrolls labelled XURE NIOMINOKO (gained 1)
You see here a +0 barding.
f - a ring of protection from fire The endoplasm quivers.
An endoplasm is nearby!
Terence shouts!
The endoplasm freezes you.
You are frozen.
You hit the endoplasm but do no damage.
The endoplasm hits you but does no damage.
Terence zaps a wand.
The puff of flame misses you.
You hit the endoplasm.
The endoplasm is severely wounded.
The endoplasm hits you but does no damage.
Terence zaps a wand.
The puff of flame hits you!
You hit the endoplasm.
The endoplasm is almost dead.
The endoplasm closely misses you.
Terence zaps a wand.
The puff of flame hits you.
You hit the endoplasm but do no damage.
The endoplasm is almost dead.
The endoplasm freezes you.
You are frozen.
* * * LOW HITPOINT WARNING * * *
Terence zaps a wand.
The puff of flame hits you.
You die...

##.#
#.##########
#.#.........
#.[.######## .
###...## ..
###..# #.#
##.####...#
#......#
###@.### #.J...#
#..###.#######
...#
#....<..####.J
..###
#....@..J..... .
#<..........J..
#.....@........
................
##...........##.


You could see Terence and an endoplasm.

Vanquished Creatures
  2 ball pythons (D:1)
  A bat (D:1)
  2 endoplasms
  3 giant cockroaches (D:1)
  2 goblins (D:1)
  A hobgoblin (D:1)
  2 frilled lizards (D:1)
  A kobold (D:1)
  A rat (D:1)
15 creatures vanquished.

Notes
Turn   | Place    | Note
-------+----------+-------------------------------------------
     0 | D:1      | Glokmah the Demonspawn Monk began the quest for the Orb.
     0 | D:1      | Reached XP level 1. HP: 18/18 MP: 1/1
    15 | D:1      | Found a faded altar of an unknown god.
    20 | D:1      | Became a worshipper of Ru the Awakened
    34 | D:1      | Gained mutation: You cannot train Dodging skill. [Ru
                  | sacrifice]
    34 | D:1      | Reached * piety under Ru
   425 | D:1      | Gained mutation: You have a pair of small antennae on your
                  | head. [demonic ancestry]
   425 | D:1      | Reached XP level 2. HP: 24/24 MP: 2/2
   796 | D:2      | Noticed Terence
   927 | D:2      | Killed from afar by Terence

Illustrated notes

Levels and vault maps discovered:
D:1:      wheals_arrival_shading, layout_rooms, ebering_ecumenical_altar_rust
D:2:      layout_rooms, uniq_terence

Skill      XL: |  1 |
---------------+----+-----
Dodging        | 0 |  0.0
Axes           | 3 |  3.2
Fighting       | |  3.2
Stealth        | |  1.7

Action                   || total
-------------------------++-------
Melee: Hand axe          ||    61
Invok: Sacrifice Nimblen ||     1
 Stab: Sleeping          ||     1
Armor: Scale mail        ||    32
       Robe              ||     3
Dodge: Dodged            ||    37

Table legend: (Time is in decaauts)
 A = Elapsed time spent in this place.
 B = Non-inter-level travel time spent in this place.
 C = Inter-level travel time spent in this place.
 D = Time resting spent in this place.
 E = Time spent auto-exploring this place.
 F = Levels seen in this place.
 G = Mean time per level.
                   A        B        C        D        E       F      G
               +--------+--------+--------+--------+--------+-----+--------+
         Total |    939 |    902 |     37 |      0 |    716 |   2 |  469.5 |
       Dungeon |    939 |    902 |     37 |      0 |    716 |   2 |  469.5 |
               +--------+--------+--------+--------+--------+-----+--------+

Top non-repeatable levels by time:
     D:1: 817 daAuts
     D:2: 121 daAuts
